 Dungeon Crawl Stone Soup version 0.24.0-13-gcf9b3192b9 (webtiles) character file.

Game seed: 10653679024527847147, levelgen mode: deterministic

760 Matador8 the Chiller (level 7, -1/50 HPs)
             Began as a Pale Draconian Ice Elementalist on Nov 7, 2019.
             Slain by an orc warrior
             ... wielding a +0 trident
              (19 damage)
             ... on level 6 of the Dungeon.
             The game lasted 00:24:45 (4946 turns).

Matador8 the Chiller (DrIE)                         Turns: 4946, Time: 00:24:46

Health: -1/50      AC:  9    Str: 10    XL:     7   Next: 50%
Magic:  1/13       EV: 12    Int: 18    God:
Gold:   334        SH:  0    Dex: 11    Spells: 0/14 levels left

rFire    . . .     SeeInvis .   m - +0 spear (curse)
rCold    . . .     Gourm    .   (no shield)
rNeg     . . .     Faith    .   (armour unavailable)
rPois    .         Spirit   .   (helmet restricted)
rElec    .         Reflect  .   (no cloak)
rCorr    .         Harm     .   o - +0 pair of gloves
MR       .....                  h - +1 pair of boots
Stlth    ++........             (no amulet)
HPRegen  0.16/turn              (no ring)
MPRegen  0.13/turn              (no ring)

@: about to teleport, marked
A: breathe steam, unfitting armour, cold-blooded, AC +6
a: Breathe Steam


You were on level 6 of the Dungeon.
You were not hungry.

You visited 1 branch of the dungeon, and saw 6 of its levels.

You collected 334 gold pieces.

Inventory:

Hand Weapons
 m - a cursed +0 spear (weapon)
 u - a +3 dagger of pain
 y - a +0 spear of piercing
Missiles
 p - 8 atropa-tipped darts (quivered)
 s - 3 javelins
Armour
 h - a +1 pair of boots (worn)
 o - a +0 pair of gloves (worn)
Scrolls
 c - a scroll of identify
 e - 2 scrolls of blinking {unknown}
 f - 2 scrolls of teleportation
 k - a scroll of enchant weapon {unknown}
 l - 4 scrolls of magic mapping
 q - a scroll of random uselessness {unknown}
 r - a scroll of noise {unknown}
 t - a scroll of enchant armour {unknown}
 v - a scroll of amnesia {unknown}
 w - a scroll of remove curse {unknown}
Potions
 a - 3 potions of lignification
 d - a potion of degeneration {unknown}
 g - 3 potions of haste
 i - a potion of curing
 j - a potion of flight {unknown}
 n - a potion of berserk rage {unknown}
 x - a potion of might {unknown}
Comestibles
 b - 6 rations


   Skills:
 - Level 1.7 Dodging
 - Level 1.7 Stealth
 - Level 4.0 Spellcasting
 + Level 3.2 Conjurations
 - Level 2.6 Charms
 - Level 2.0 Summonings
 + Level 6.1 Ice Magic


You couldn't memorise any spells.
You knew the following spells:

 Your Spells              Type           Power        Failure   Level  Hunger
a - Freeze                Ice            ####         1%          1    None
b - Throw Frost           Conj/Ice       ###...       3%          2    ##.....
c - Ozocubu's Armour      Chrm/Ice       ###.....     8%          3    ###....
d - Summon Ice Beast      Ice/Summ       ###.....     28%         4    ####...
e - Throw Icicle          Conj/Ice       ###.....     22%         4    ####...

Your spell library contained the following spells:

 Spells                   Type           Power        Failure   Level  Hunger
 Beastly Appendage        Tmut           #.....       14%         1    None
 Sticks to Snakes         Tmut           #.......     22%         2    ##.....
 Ice Form                 Ice/Tmut       ##......     38%         4    ####...
 Spider Form              Tmut/Pois      #.........   41%         3    ###....
 Blade Hands              Tmut           #.........   99%         5    ######.


Dungeon Overview and Level Annotations

Branches:
Dungeon (6/15)
 Temple: D:4-7

Altars:
Cheibriados
Nemelex Xobeh
Yredelemnul

Shops:
D:4 (

Annotations:
D:5 2 transporters, inmateoo's ghost, novice DrAE


Innate Abilities, Weirdness & Mutations

You can breathe blasts of scalding, opaque steam.
Your pale cyan-grey scales are hard. (AC +6)
You cannot fit into any form of body armour.
You are cold-blooded and may be slowed by cold attacks.


Message History

You feel strangely unstable.
You feel sick.
A leopard gecko comes into view.
A shadow imp comes into view.
The orc warrior barely misses you. The adder closely misses you.
The water moccasin zombie barely misses you.
The leopard gecko moves out of view.
An orc wizard comes into view. It is wielding a +0 dagger.
Casting: Freeze (safe; 1% risk of failure)
Confirm with . or Enter, or press ? or * to list all spells.
Aiming: Freeze (safe; 1% risk of failure)
Press: ? - help, Shift-Dir - straight line, f/p - adder
Aim: an adder (severely wounded, slow)
You freeze the adder.
You kill the adder!
The water moccasin zombie misses you.
The orc warrior hits you from afar with a +0 trident!
* * * LOW HITPOINT WARNING * * *
It was a potion of curing.
You feel better. The water moccasin zombie misses you.
The orc warrior hits you from afar with a +0 trident!!
You die...

##...,,,,#.#,*******+*#######*,*
*...#*,*#.#,**,***,,*#.....,,,*
#*[.>##,*#.#,,,,,,,,**#....#****
#**#.##.##.####.##,** #....# #
#,*#..........#,* #....#
####.#####.#######.####....#
...#.#..........5#.........#
##.#.....#...###Z#####.....#
#.###..####.# #@# #.#####
##.###..# #.###o#####.#
..<.....# #....ooo(oo.#
.#.####)####...(.l.....#
.#......#..........(...#####
,#.###.....................#
,#.# #..#..._.#######.....>#
,#.#*#..#.......# #......#
,#.#....#.#####.# #......#


You could see an orc warrior, 2 orc wizards, a shadow imp, a water moccasin
zombie and a leopard gecko.

Vanquished Creatures
  2 ogres
  A centaur (D:6)
  2 scorpions
  A crimson imp (D:3)
  A hound (D:6)
  An orc wizard (D:5)
  A bullfrog skeleton (D:4)
  An iguana (D:4)
  2 worker ants (D:5)
  A hound zombie (D:6)
  3 gnolls
  9 adders
  2 shadow imps
  An ooze (D:3)
  An adder skeleton (D:4)
  4 worms
  A dart slug (D:3)
  A leopard gecko (D:2)
  4 orcs
  6 bats
  3 giant cockroaches
  4 goblins
  6 hobgoblins
  2 quokkas
  2 ball pythons
  8 frilled lizards
  7 kobolds
  A quokka zombie (D:5)
  9 rats
87 creatures vanquished.

Notes
Turn   | Place    | Note
-------+----------+-------------------------------------------
     0 | D:1      | Matador8 the Draconian Ice Elementalist began the quest for
                  | the Orb.
     0 | D:1      | Reached XP level 1. HP: 14/14 MP: 3/3
   402 | D:1      | Reached XP level 2. HP: 20/20 MP: 3/5
   706 | D:2      | Learned a level 2 spell: Throw Frost
   814 | D:2      | Reached XP level 3. HP: 21/26 MP: 2/7
  1156 | D:2      | Learned a level 3 spell: Ozocubu's Armour
  1256 | D:2      | Reached skill level 4 in Ice Magic
  1406 | D:2      | Reached XP level 4. HP: 33/33 MP: 8/8
  1968 | D:3      | Reached skill level 1 in Charms
  2397 | D:3      | Found a sparkling altar of Nemelex Xobeh.
  2411 | D:3      | Reached XP level 5. HP: 35/38 MP: 5/9
  2587 | D:4      | Noticed an ogre
  2719 | D:4      | Noticed a phantom
  2802 | D:4      | Learned a level 4 spell: Summon Ice Beast
  2818 | D:4      | Found a basalt altar of Yredelemnul.
  2830 | D:4      | Reached skill level 5 in Ice Magic
  2830 | D:4      | Reached XP level 6. HP: 34/45 MP: 3/10
  3187 | D:4      | Found Doca Ire's Antique Weapon Boutique.
  3390 | D:4      | Reached skill level 1 in Summonings
  3532 | D:5      | Entered Level 5 of the Dungeon
  3883 | D:5      | Identified the +4 great mace of Irrepressible Laughter
                  | {drain, rN+ Int+4}
  3884 | D:5      | Noticed inmateoo's ghost (novice DrAE)
  3885 | D:5      | Found a transporter.
  3889 | D:5      | Found a transporter.
  4157 | D:5      | Your scales start taking on a pale cyan-grey colour.
  4157 | D:5      | Reached XP level 7. HP: 50/50 MP: 12/12
  4865 | D:6      | Found a snail-covered altar of Cheibriados.
  4884 | D:6      | Learned a level 4 spell: Throw Icicle
  4934 | D:6      | Reached skill level 6 in Ice Magic
  4946 | D:6      | Slain by an orc warrior

Levels and vault maps discovered:
D:1:      dpeg_arrival_solitude, layout_basic, minmay_misc_feat_five
D:2:      layout_rooms
D:3:      layout_loops_ring, lemuel_round_altar, first_ration,
          minmay_misc_feat_square
D:4:      layout_basic, kennysheep_little_box, serial_shops, shop_coins,
          grunt_tough_drop
D:5:      layout_basic, gammafunk_ghost_smash, minmay_crystal_room
D:6:      layout_basic, cheibriados_altar_1, kennysheep_generic_room_2

Skill      XL: |  1  2  3  4  5  6  7 |
---------------+----------------------+-----
Spellcasting   | 3 4 |  4.0
Ice Magic      | 4 5 6 |  6.1
Charms         | 1 2 |  2.6
Conjurations   | 2 3 |  3.2
Summonings     | 2 |  2.0
Dodging        | |  1.7
Stealth        | |  1.7

Action                   |  1- 3 |  4- 6 |  7- 9 || total
-------------------------+-------+-------+-------++-------
Melee: Unarmed           |     9 |       |       ||     9
       Spear             |     4 |   106 |    32 ||   142
       Tailslap          |     1 |     4 |     3 ||     8
 Cast: Freeze            |    56 |    83 |    18 ||   157
       Throw Frost       |       |     6 |     3 ||     9
 Abil: Breathe Steam     |       |       |     1 ||     1
  Use: Scroll            |       |       |     4 ||     4
       Potion            |       |       |     1 ||     1
 Stab: Sleeping          |       |     5 |       ||     5
  Eat: Chunk             |     2 |     9 |       ||    11
       Ration            |       |       |     1 ||     1
Armor: Skin              |    19 |    40 |    22 ||    81
Dodge: Dodged            |    36 |    86 |    43 ||   165
